Map: Dead of Night

Players

AznHopeful

  • Race: Zerg Zerg

Goldspike

  • Race: Terran Terran
  • Spawn Location: 0:00

VOD

Have the link to the VOD?

Description

Time

  • Played on: Jan. 19, 2018, 7:07 p.m.
  • Length: 18:09
Show
View Real Time Build Order
Export as new Build Order

AznHopeful Zerg 

Build Orders:  

Get SALT Encoding   

  12  0:04  Infested SCV  
  13  0:11  Infested SCV  
  13  0:18  Infested SCV  
  15  0:26  Infested Colonist Compound  
  15  0:31  Overlord  
  15  0:48  Infested Barracks  
  15  0:56  Infested SCV  
  15  0:58  Infested SCV  
  17  1:05  Infested SCV  
  18  1:21  Infested SCV  
  19  1:48  Infestation Level 1  
  19  1:52  Infested SCV  
  20  2:00  Infested Refinery  
  20  2:07  Infested Refinery  
  20  2:10  Infested SCV  
  20  2:19  Infested SCV  
  22  2:25  Overlord  
  22  2:44  Infested SCV  
  23  2:57  Infested Bunker  
  27  3:03  Infested SCV  
  28  3:13  Infested SCV  
  29  3:22  Infested Barracks Tech Lab  
  29  3:47  Infested Engineering Bay  
  29  3:48  Anaerobic Enhancement  
  29  3:57  Infested SCV  
  29  3:58  Infested SCV  
  31  4:45  Overlord x3  
  31  4:48  Broodling Gestation, Plagued Munitions  
  31  4:56  Stukov Infantry Weapons Level 1  
  31  5:17  Infested Bunker  
  35  5:26  Infested Refinery  
  35  5:27  Infested SCV x2  
  35  5:28  Infested SCV  
  38  5:53  Infested Factory  
  38  5:55  Infested SCV x2  
  40  6:18  Infestation Level 2  
  40  6:47  Infested Bunker  
  40  6:49  Pneumatized Carapace  
  44  7:34  Infested Starport  
  44  7:38  Stukov Infantry Weapons Level 2  
  44  7:40  Infested Armory  
  44  8:21  Infested SCV x3  
  44  8:22  Infested SCV  
  44  8:29  Overseer x3  
  48  8:38  Retinal Augmentation  
  48  8:45  Infestation Level 3  
  48  8:46  Overlord x2  
  48  9:29  Infested Bunker  
  56  9:31  Infested Bunker  
  56  9:53  Stukov Vehicle and Ship Weapons Level 1  
  56  9:56  Infested Starport, Infested Barracks, Infested Starport Tech Lab  
  56  10:59  Infested Bunker  
  64  11:00  Infested Bunker  
  68  11:18  Aggressive Incubation  
  63  11:51  Infested Bunker  
  63  11:52  Infested Bunker  
  63  11:54  Infested Bunker  
  63  11:57  Infested Bunker  
  63  12:01  Infested Bunker  
  63  12:15  Infested Banshee  
  63  12:16  Infested Banshee  
  69  12:20  Overlord x5  
  69  12:42  Infested Starport  
  69  12:45  Infested Factory Tech Lab, Infested Factory  
  69  12:56  Infested Banshee  
  69  12:57  Infested Bunker, Infested Banshee x3  
  93  13:30  Infested Bunker  
  93  13:41  Infested Banshee  
  93  13:42  Infested Banshee  
  93  13:45  Infested Bunker  
  99  13:59  Infested Banshee  
  102  14:00  Infested Banshee  
  102  14:03  Infested Starport Tech Lab  
  105  14:32  Infested Banshee  
  105  14:35  Infested SCV x3  
  111  15:34  Overlord x3  
  111  15:35  Overlord x2  
Show
View Real Time Build Order
Export as new Build Order

Goldspike Terran 

Build Orders:  

Get SALT Encoding   

Tags
 
Commander
RaynorStukov
Matchup
Co-op
Replay Pack
Co-op Speedrun
Add a new tag
Caveats
  • Supply blocks, unpowered buildings, or Contaminate may cause inaccurate times.
  • Supply counts are checked every 10 seconds.